TOP OF THE 1ST |
Toledo Mud Hens batting - Pitching for Durham Bulls : RHP Ray Willenbrink
|
Pitching: RHP Ray Willenbrink
|
|
Batting: RHB Brady Jeleniewski
|
0-0: Ball 1-0: Foul Ball, location: 2F 1-1: SINGLE (Line Drive, 78S, EV 106.3 MPH)
|
Batting: LHB Jamel Alexander
|
0-0: SINGLE (Groundball, 34D, EV 101.9 MPH) Brady Jeleniewski to second Runner from 2nd tries for 3rd, SAFE, no throw by RF
|
Batting: LHB Andy Schumacher
|
0-0: Called Strike 0-1: Ball 1-1: Foul Ball, location: 2F 1-2: Ball 2-2: Foul Ball, location: 2F 2-2: Foul Ball, location: 2F 2-2: Fly out, F7 (Flyball, 7LM, EV 91.3 MPH) Runner from 3rd tags up, SCORES, throw by LF
|
Batting: SHB Jamie Roberts
|
0-0: SINGLE (Groundball, 6MD, EV 102.5 MPH) Jamel Alexander to second Runner from 2nd tries for 3rd, SAFE, throw by CF made to third
|
Batting: SHB Jared Boyce
|
0-0: Called Strike 0-1: Foul Ball, location: 2F 0-2: Ball 1-2: Grounds into double play, 5-4-3 (Groundball, 56, EV 83.8 MPH)
|
Top of the 1st over - 1 run, 3 hits, 0 errors, 1 left on base; Toledo 1 - Durham 0 |
BOTTOM OF THE 1ST |
Durham Bulls batting - Pitching for Toledo Mud Hens : RHP Adam Huemmer
|
Pitching: RHP Adam Huemmer
|
|
Batting: LHB Angel Ruvalcaba
|
0-0: Called Strike 0-1: Ball 1-1: SINGLE (Groundball, 34D, EV 96.3 MPH) (infield hit)
|
Batting: RHB Danny Diaz
|
0-0: Ball Angel Ruvalcaba steals 2nd base 1-0: Ball 2-0: Ground out 6-3 (Groundball, 6D, EV 96.3 MPH)
|
Batting: LHB Austin Ohmer
|
0-0: Called Strike 0-1: Called Strike 0-2: Ball 1-2: Foul Ball, location: 2F 1-2: Ball 2-2: Ball 3-2: Foul Ball, location: 2F 3-2: Base on Balls
|
Batting: SHB Hans Mikkelsen
|
0-0: Called Strike Angel Ruvalcaba steals 3rd base Austin Ohmer to second 0-1: Ball 1-1: Fly out, F8 (Line Drive, 8LD, EV 103.1 MPH) Runner from 3rd tags up, SCORES, throw by CF Austin Ohmer to third
|
Batting: SHB Ben Pierce
|
0-0: Called Strike 0-1: Foul Ball, location: 2F 0-2: Ball 1-2: Ground out 4-3 (Groundball, 4, EV 108.1 MPH)
|
Bottom of the 1st over - 1 run, 1 hit, 0 errors, 1 left on base; Toledo 1 - Durham 1 |
TOP OF THE 2ND |
Toledo Mud Hens batting - Pitching for Durham Bulls : RHP Ray Willenbrink
|
Batting: SHB Raul Morales
|
0-0: Foul Ball, location: 2F 0-1: Ground out 4-3 (Groundball, 4, EV 87.5 MPH)
|
Batting: RHB Paul Wood
|
0-0: Foul Ball, location: 2F 0-1: Swinging Strike 0-2: Ball 1-2: Ball 2-2: Ball 3-2: SINGLE (Groundball, 6MD, EV 100.6 MPH)
|
Batting: RHB Casey Knutson
|
0-0: Fielders Choice at 2nd, 5-4 (Groundball, 56, EV 106.9 MPH)
|
Batting: LHB Howie Gutierrez
|
0-0: Called Strike 0-1: Ball 1-1: Ball 2-1: Ground out U3 (Groundball, 3L, EV 101.3 MPH)
|
Top of the 2nd over - 0 runs, 1 hit, 0 errors, 1 left on base; Toledo 1 - Durham 1 |
BOTTOM OF THE 2ND |
Durham Bulls batting - Pitching for Toledo Mud Hens : RHP Adam Huemmer
|
Batting: LHB Robin More
|
0-0: Ball 1-0: Called Strike 1-1: Called Strike 1-2: Ball 2-2: Foul Ball, location: 2F 2-2: Fly out, F7 (Flyball, 7, EV 93.1 MPH)
|
Batting: SHB Jose Vargas
|
0-0: Ball 1-0: Ball 2-0: Ball 3-0: Base on Balls
|
Batting: SHB Soudai Abe
|
0-0: Ball 1-0: Ball 2-0: Ball 3-0: Grounds into double play, 5-4-3 (Groundball, 5, EV 103.8 MPH)
|
Bottom of the 2nd over - 0 runs, 0 hits, 0 errors, 0 left on base; Toledo 1 - Durham 1 |
TOP OF THE 3RD |
Toledo Mud Hens batting - Pitching for Durham Bulls : RHP Ray Willenbrink
|
Batting: RHB Brady Jeleniewski
|
0-0: Called Strike 0-1: SINGLE (Flyball, 3D, EV 89.4 MPH)
|
Batting: LHB Jamel Alexander
|
0-0: Called Strike 0-1: Ball 1-1: Swinging Strike 1-2: Ball 2-2: Ball 3-2: Fly out, F9 (Flyball, 89M, EV 95.0 MPH)
|
Batting: LHB Andy Schumacher
|
0-0: Foul Ball, location: 2F 0-1: Ball 1-1: Ball 2-1: Foul Ball, location: 2F 2-2: Foul Ball, location: 2F 2-2: Fly out, F3 (Popup, 3SF, EV 73.8 MPH)
|
Batting: SHB Jamie Roberts
|
0-0: Foul Ball, location: 2F 0-1: Ball 1-1: Ball 2-1: Ball 3-1: Hit by Pitch Brady Jeleniewski to second
|
Batting: SHB Jared Boyce
|
0-0: Called Strike 0-1: Ball 1-1: Foul Ball, location: 2F 1-2: Ball 2-2: SINGLE (Line Drive, 9S, EV 105.6 MPH) Brady Jeleniewski to third Jamie Roberts to second Runner from 3rd tries for Home, SAFE, throw by RF to home
|
Batting: SHB Raul Morales
|
0-0: Foul Ball, location: 2F 0-1: Called Strike 0-2: Ball 1-2: Ball 2-2: Fly out, F4 (Line Drive, 4, EV 68.1 MPH)
|
Top of the 3rd over - 1 run, 2 hits, 0 errors, 2 left on base; Toledo 2 - Durham 1 |
BOTTOM OF THE 3RD |
Durham Bulls batting - Pitching for Toledo Mud Hens : RHP Adam Huemmer
|
Batting: LHB Danny Hull
|
0-0: Ball 1-0: Ball 2-0: Ball 3-0: Called Strike 3-1: Ground out 4-3 (Groundball, 4, EV 104.4 MPH)
|
Batting: LHB Angel Ruvalcaba
|
0-0: Ball 1-0: Foul Ball, location: 2F 1-1: Ball 2-1: TRIPLE (Flyball, 78XD, EV 106.9 MPH)
|
Batting: RHB Danny Diaz
|
0-0: SINGLE (Groundball, 34D, EV 102.5 MPH) Angel Ruvalcaba scores
|
Batting: LHB Austin Ohmer
|
0-0: Ball Danny Diaz is caught stealing 2nd base 2-6 1-0: Ball 2-0: Ball 3-0: Base on Balls
|
Batting: SHB Hans Mikkelsen
|
0-0: Called Strike 0-1: TRIPLE (Flyball, 89XD, EV 104.4 MPH) Austin Ohmer scores
|
Batting: SHB Ben Pierce
|
0-0: Ball 1-0: Ball 2-0: Ball 3-0: Base on Balls
|
Batting: LHB Robin More
|
0-0: Ball 1-0: Swinging Strike 1-1: SINGLE (Groundball, 6D, EV 98.8 MPH) Hans Mikkelsen scores Ben Pierce to second
|
Batting: SHB Jose Vargas
|
0-0: Ball 1-0: Ball 2-0: SINGLE (Groundball, 56D, EV 99.4 MPH) Ben Pierce to third Robin More to second Runner from 3rd tries for Home, throw by LF and OUT! 7-2
|
Bottom of the 3rd over - 3 runs, 5 hits, 0 errors, 2 left on base; Toledo 2 - Durham 4 |
TOP OF THE 4TH |
Toledo Mud Hens batting - Pitching for Durham Bulls : RHP Ray Willenbrink
|
Batting: RHB Paul Wood
|
0-0: Ball 1-0: Called Strike 1-1: SINGLE (Groundball, 56D, EV 101.9 MPH)
|
Batting: RHB Casey Knutson
|
0-0: SINGLE (Line Drive, 8RS, EV 86.9 MPH) Paul Wood to second
|
Batting: LHB Howie Gutierrez
|
0-0: Foul Ball, location: 2F 0-1: Grounds into double play, 4-6-3 (Groundball, 34, EV 87.5 MPH) Paul Wood to third
|
Batting: RHB Brady Jeleniewski
|
0-0: Called Strike 0-1: Swinging Strike 0-2: Strikes out swinging
|
Top of the 4th over - 0 runs, 2 hits, 0 errors, 1 left on base; Toledo 2 - Durham 4 |
BOTTOM OF THE 4TH |
Durham Bulls batting - Pitching for Toledo Mud Hens : RHP Adam Huemmer
|
Batting: SHB Soudai Abe
|
0-0: Ground out U3 (Groundball, 3L, EV 79.4 MPH)
|
Batting: LHB Danny Hull
|
0-0: Ball 1-0: Ball 2-0: Called Strike 2-1: Foul Ball, location: 2F 2-2: Foul Ball, location: 2F 2-2: SINGLE (Groundball, 34D, EV 96.9 MPH)
|
Batting: LHB Angel Ruvalcaba
|
0-0: Called Strike 0-1: Ball 1-1: Called Strike 1-2: Foul Ball, location: 2F 1-2: Fly out, F8 (Flyball, 8RXD, EV 103.1 MPH) Runner from 1st tags up, SAFE at 2nd
|
Batting: RHB Danny Diaz
|
0-0: Ball 1-0: Ball 2-0: Ball 3-0: SINGLE (Groundball, 5S, EV 57.5 MPH) (infield hit) Danny Hull to third
|
Batting: LHB Austin Ohmer
|
0-0: Foul Ball, location: 2F 0-1: Ball 1-1: Ball 2-1: Foul Ball, location: 2F 2-2: Strikes out swinging
|
Bottom of the 4th over - 0 runs, 2 hits, 0 errors, 2 left on base; Toledo 2 - Durham 4 |
TOP OF THE 5TH |
Toledo Mud Hens batting - Pitching for Durham Bulls : RHP Ray Willenbrink
|
Batting: LHB Jamel Alexander
|
0-0: Called Strike 0-1: Ball 1-1: Swinging Strike 1-2: Foul Ball, location: 2F 1-2: Ball 2-2: Ground out 5-3 (Groundball, 15, EV 85.6 MPH)
|
Batting: LHB Andy Schumacher
|
0-0: Fly out, F7 (Flyball, 7D, EV 87.5 MPH)
|
Batting: SHB Jamie Roberts
|
0-0: Ball 1-0: Called Strike 1-1: SOLO HOME RUN (Line Drive, 9LD, EV 97.5 MPH), Distance : 344 ft
|
Batting: SHB Jared Boyce
|
0-0: Ball 1-0: Ball 2-0: Called Strike 2-1: Ball 3-1: Foul Ball, location: 2F 3-2: Base on Balls
|
Batting: SHB Raul Morales
|
0-0: Ball 1-0: Ground out 1-3 (Groundball, 13S, EV 71.9 MPH)
|
Top of the 5th over - 1 run, 1 hit, 0 errors, 1 left on base; Toledo 3 - Durham 4 |
BOTTOM OF THE 5TH |
Durham Bulls batting - Pitching for Toledo Mud Hens : RHP Adam Huemmer
|
Batting: SHB Hans Mikkelsen
|
0-0: Called Strike 0-1: Ball 1-1: Ball 2-1: Foul Ball, location: 2F 2-2: SOLO HOME RUN (Flyball, 7D, EV 96.9 MPH), Distance : 373 ft
|
Pitching: RHP Dave Zerphey
|
|
Batting: SHB Ben Pierce
|
0-0: Ball 1-0: Foul Ball, location: 2F 1-1: Ball 2-1: Foul Ball, location: 2F 2-2: Ball 3-2: Foul Ball, location: 2F 3-2: Base on Balls
|
Batting: LHB Robin More
|
0-0: Swinging Strike Pickoff Throw to First - Out! 1-3 0-1: Ball 1-1: Ball 2-1: Reached on error, E6 (Groundball, 6, EV 78.1 MPH)
|
Batting: SHB Jose Vargas
|
0-0: Ball 1-0: Called Strike 1-1: Swinging Strike 1-2: Ball 2-2: Foul Ball, location: 2F 2-2: Ball 3-2: Grounds into double play, 6-4-3 (Groundball, 6M, EV 81.3 MPH)
|
Bottom of the 5th over - 1 run, 1 hit, 1 error, 0 left on base; Toledo 3 - Durham 5 |
TOP OF THE 6TH |
Toledo Mud Hens batting - Pitching for Durham Bulls : RHP Ray Willenbrink
|
Batting: RHB Paul Wood
|
0-0: Ball 1-0: Called Strike 1-1: Foul Ball, location: 2F 1-2: Foul Ball, location: 2F 1-2: Foul Ball, location: 2F 1-2: Ball 2-2: Ground out 6-3 (Groundball, 6, EV 78.8 MPH)
|
Batting: RHB Casey Knutson
|
0-0: Called Strike 0-1: Ground out 6-3 (Groundball, 6, EV 80.0 MPH)
|
Batting: LHB Howie Gutierrez
|
0-0: Ball 1-0: Foul Ball, location: 2F 1-1: Ball 2-1: Ball 3-1: Base on Balls
|
Pitching: RHP Corey Jacobson
|
|
Batting: RHB Brady Jeleniewski
|
0-0: Called Strike Howie Gutierrez steals 2nd, throwing error, E2 Howie Gutierrez to third 0-1: Ball 1-1: Ball 2-1: Called Strike 2-2: Ball 3-2: Foul Ball, location: 2F 3-2: Fly out, F7 (Flyball, 78D, EV 81.3 MPH)
|
Top of the 6th over - 0 runs, 0 hits, 1 error, 1 left on base; Toledo 3 - Durham 5 |
BOTTOM OF THE 6TH |
Durham Bulls batting - Pitching for Toledo Mud Hens : RHP Dave Zerphey
|
Batting: SHB Soudai Abe
|
0-0: Called Strike 0-1: Ball 1-1: Ball 2-1: Called Strike 2-2: Ball 3-2: Ground out 6-3 (Groundball, 6, EV 103.1 MPH)
|
Batting: LHB Danny Hull
|
0-0: Called Strike 0-1: Foul Ball, location: 2F 0-2: Strikes out swinging
|
Batting: LHB Angel Ruvalcaba
|
0-0: Ball 1-0: SINGLE (Groundball, 4, EV 103.1 MPH)
|
Batting: RHB Danny Diaz
|
0-0: Called Strike Angel Ruvalcaba steals 2nd base 0-1: Ball 1-1: Fly out, F4 (Flyball, 4D, EV 90.6 MPH)
|
Bottom of the 6th over - 0 runs, 1 hit, 0 errors, 1 left on base; Toledo 3 - Durham 5 |
TOP OF THE 7TH |
Toledo Mud Hens batting - Pitching for Durham Bulls : RHP Corey Jacobson
|
Batting: LHB Jamel Alexander
|
0-0: Called Strike 0-1: Foul Ball, location: 2F 0-2: Ball 1-2: Ball 2-2: Ball 3-2: Foul Ball, location: 2F 3-2: Base on Balls
|
Pitching: LHP Frank Rodriguez
|
|
Batting: LHB Andy Schumacher
|
0-0: Ball 1-0: Foul Ball, location: 2F 1-1: Foul Ball, location: 2F 1-2: Strikes out swinging
|
Batting: SHB Jamie Roberts
|
0-0: Ball 1-0: SINGLE (Groundball, 6MD, EV 103.1 MPH) (infield hit) Jamel Alexander to second
|
Batting: SHB Jared Boyce
|
0-0: Ball 1-0: Foul Ball, location: 2F 1-1: Swinging Strike 1-2: Strikes out swinging
|
Batting: SHB Raul Morales
|
0-0: Ball 1-0: Called Strike 1-1: Called Strike 1-2: Fielders Choice at 2nd, 6-4 (Groundball, 6, EV 80.0 MPH)
|
Top of the 7th over - 0 runs, 1 hit, 0 errors, 2 left on base; Toledo 3 - Durham 5 |
BOTTOM OF THE 7TH |
Durham Bulls batting - Pitching for Toledo Mud Hens : RHP Dave Zerphey
|
Pitching: RHP Jose Esquibel
|
|
Batting: LHB Austin Ohmer
|
0-0: Fly out, F9 (Line Drive, 9S, EV 101.3 MPH)
|
Batting: SHB Hans Mikkelsen
|
0-0: Ball 1-0: Foul Ball, location: 2F 1-1: Ball 2-1: Fly out, F9 (Flyball, 9, EV 88.8 MPH)
|
Batting: SHB Ben Pierce
|
0-0: Swinging Strike 0-1: Called Strike 0-2: Ground out 4-3 (Groundball, 4, EV 89.4 MPH)
|
Bottom of the 7th over - 0 runs, 0 hits, 0 errors, 0 left on base; Toledo 3 - Durham 5 |
TOP OF THE 8TH |
Toledo Mud Hens batting - Pitching for Durham Bulls : LHP Frank Rodriguez
|
Batting: RHB Paul Wood
|
0-0: Ball 1-0: Ball 2-0: Foul Ball, location: 2F 2-1: Fly out, F8 (Flyball, 89D, EV 89.4 MPH)
|
Batting: RHB Casey Knutson
|
0-0: Ball 1-0: Foul Ball, location: 2F 1-1: Ball 2-1: Ball 3-1: Base on Balls
|
Batting: LHB Howie Gutierrez
|
0-0: Ball 1-0: Ball 2-0: Ball 3-0: Base on Balls Casey Knutson to second
|
Batting: RHB Brady Jeleniewski
|
0-0: Called Strike 0-1: Called Strike 0-2: Strikes out swinging
|
Pinch Hitting: RHB Dave Calder
|
0-0: Ball 1-0: Swinging Strike 1-1: Foul Ball, location: 2F 1-2: Ground out 5-3 (Groundball, 56S, EV 73.8 MPH)
|
Top of the 8th over - 0 runs, 0 hits, 0 errors, 2 left on base; Toledo 3 - Durham 5 |
BOTTOM OF THE 8TH |
Durham Bulls batting - Pitching for Toledo Mud Hens : RHP Jose Esquibel
|
Now in RF: Dave Calder
|
|
Batting: LHB Robin More
|
0-0: Called Strike 0-1: Swinging Strike 0-2: Strikes out swinging
|
Batting: SHB Jose Vargas
|
0-0: Ball 1-0: Ball 2-0: Called Strike 2-1: Ball 3-1: Ground out 4-3 (Groundball, 4, EV 83.1 MPH)
|
Batting: SHB Soudai Abe
|
0-0: Called Strike 0-1: Ground out 5-3 (Groundball, 56, EV 89.4 MPH)
|
Bottom of the 8th over - 0 runs, 0 hits, 0 errors, 0 left on base; Toledo 3 - Durham 5 |
TOP OF THE 9TH |
Toledo Mud Hens batting - Pitching for Durham Bulls : LHP Frank Rodriguez
|
Pitching: RHP Luis Cubero
|
|
Now at 1B: Jesse Basich
|
|
Now at 2B: Danny Hull
|
|
Now at SS: Dusty Camelli
|
|
Batting: LHB Andy Schumacher
|
0-0: Called Strike 0-1: Ball 1-1: Ball 2-1: Foul Ball, location: 2F 2-2: Fly out, F5 (Popup, 5F, EV 64.4 MPH)
|
Batting: SHB Jamie Roberts
|
0-0: Foul Ball, location: 2F 0-1: Ball 1-1: Ground out 5-3 (Groundball, 56S, EV 85.6 MPH)
|
Batting: SHB Jared Boyce
|
0-0: Ball 1-0: SINGLE (Groundball, 34D, EV 106.9 MPH)
|
Batting: SHB Raul Morales
|
0-0: Ball 1-0: SINGLE (Groundball, 34D, EV 95.0 MPH) Jared Boyce to second
|
Batting: RHB Paul Wood
|
0-0: Ball 1-0: Ball 2-0: Called Strike 2-1: Foul Ball, location: 2F 2-2: Ball 3-2: Strikes out swinging
|
Top of the 9th over - 0 runs, 2 hits, 0 errors, 2 left on base; Toledo 3 - Durham 5 |
|